Map: [ESL] Royal Blood

Players

Ryung - Winner!

  • Race: Terran Terran
  • League: Master

Coffee

  • Race: Terran Terran

Event: IEM Katowice 2023

VOD

Have the link to the VOD?

Description

Time

  • Played on: Feb. 8, 2023, 9:05 a.m.
  • Length: 11:09

All games in this series

Show
View Real Time Build Order
Export as new Build Order

Ryung Terran - Winner!

Build Orders:  

Get SALT Encoding   

  12  0:00  SCV  
  13  0:12  SCV  
  14  0:16  Supply Depot  
  14  0:24  SCV  
  15  0:38  SCV  
  15  0:40  Barracks  
  15  0:42  Refinery  
  16  0:50  SCV  
  16  0:52  Refinery  
  17  1:02  SCV  
  18  1:14  SCV  
  19  1:26  Orbital Command, Reaper  
  19  1:30  Supply Depot  
  20  1:40  Factory  
  20  1:52  SCV  
  21  1:58  Reaper  
  22  2:05  SCV  
  23  2:15  Command Center  
  23  2:17  SCV  
  24  2:24  Hellion  
  24  2:29  SCV  
  27  2:30  Reaper  
  27  2:33  Supply Depot  
  28  2:41  SCV  
  29  2:45  Widow Mine  
  29  2:50  Starport  
  31  2:55  SCV  
  32  3:03  Barracks Reactor  
  32  3:06  Factory Tech Lab  
  32  3:07  SCV  
  33  3:16  Refinery  
  33  3:20  SCV  
  33  3:24  Cyclone  
  33  3:26  Orbital Command, Starport Tech Lab  
  37  3:32  SCV  
  38  3:39  Marine x2  
  38  3:44  SCV  
  38  3:47  Raven  
  39  3:56  SCV  
  39  3:57  Marine x2  
  39  4:00  SCV  
  41  4:03  Siege Tank  
  41  4:08  SCV  
  45  4:12  SCV  
  45  4:15  Marine x2  
  45  4:16  Supply Depot  
  48  4:20  SCV  
  48  4:22  Raven  
  51  4:24  SCV  
  52  4:32  SCV  
  52  4:36  SCV  
  54  4:38  Siege Tank  
  54  4:41  Supply Depot  
  57  4:46  Command Center  
  57  4:47  SCV  
  57  4:48  SCV  
  57  4:49  Marine  
  57  4:51  Marine  
  61  4:57  Supply Depot  
  61  4:59  SCV  
  62  5:02  SCV, Raven  
  62  5:05  Supply Depot  
  65  5:10  Siege Tank  
  65  5:12  SCV  
  69  5:14  SCV  
  69  5:18  Marine x2  
  72  5:24  SCV  
  72  5:25  Supply Depot  
  72  5:26  SCV  
  74  5:35  Supply Depot  
  74  5:36  SCV  
  74  5:38  SCV  
  76  5:44  Siege Tank  
  76  5:48  Barracks, SCV, Starport Reactor  
  80  5:51  Barracks, SCV  
  80  5:52  Marine  
  80  5:53  Stimpack  
  82  5:59  Orbital Command  
  82  6:00  SCV  
  82  6:03  Engineering Bay, SCV  
  84  6:08  Engineering Bay  
  84  6:12  SCV  
  84  6:15  SCV  
  84  6:16  Siege Tank  
  88  6:21  Marine  
  88  6:22  Refinery  
  88  6:25  SCV  
  90  6:27  SCV x2  
  91  6:32  Terran Infantry Weapons Level 1  
  91  6:33  Starport Reactor  
  91  6:37  Marine x2, SCV  
  91  6:39  SCV x2  
  97  6:48  Siege Tank  
  97  6:49  Barracks, SCV  
  97  6:50  Barracks  
  97  6:51  SCV  
  97  6:52  SCV  
  102  6:55  Marine x4  
  102  6:57  Sensor Tower  
  102  7:01  SCV  
  107  7:04  SCV x2  
  107  7:08  Supply Depot  
  109  7:09  Medivac, Supply Depot  
  109  7:10  Medivac  
  109  7:13  SCV  
  114  7:16  SCV x2  
  114  7:17  Refinery x2  
  114  7:18  Marine  
  117  7:25  Marine x2  
  117  7:28  Supply Depot  
  117  7:29  Marine x2, Siege Tank, SCV x2  
  124  7:37  Sensor Tower  
  124  7:38  Barracks Reactor  
  124  7:39  Barracks Reactor  
  124  7:41  SCV x2  
  124  7:42  Marine, SCV  
  124  7:43  Marine x2  
  130  7:48  Terran Infantry Armor Level 1  
  130  7:49  Marine x2  
  131  8:00  Marine  
  131  8:01  Marine x2  
  131  8:03  Siege Tank  
  131  8:04  Medivac  
  139  8:07  Marine x2  
  139  8:12  Armory  
  141  8:19  Marine x4  
  141  8:20  Marine  
  141  8:21  Marine x2  
  141  8:24  Marine, Command Center  
  141  8:25  Marine  
  140  8:28  Medivac  
  136  8:36  Supply Depot  
  136  8:37  Marine x4, Supply Depot  
  136  8:38  Marine  
  136  8:39  Marine x2  
  141  8:53  Supply Depot  
  141  8:54  Supply Depot  
  141  8:55  Supply Depot  
  141  8:57  Marine x3, Medivac, Siege Tank  
  141  8:58  Marine x2  
  141  9:01  Terran Vehicle Weapons Level 1  
  141  9:02  Combat Shield  
  151  9:04  Medivac  
  151  9:06  Marine x3  
  156  9:11  SCV  
  156  9:13  Factory  
  156  9:14  SCV x2  
  159  9:23  SCV  
  159  9:25  Marine x7  
  159  9:26  SCV x2  
  167  9:34  Marine x2  
  166  9:42  Marine x4  
  166  9:43  Marine  
  157  9:46  Marine x2  
  157  9:52  Marine x2  
  151  9:53  Siege Tank  
  151  9:55  Planetary Fortress  
  151  9:58  Medivac x2  
  158  10:00  Marine x5  
  158  10:03  Marine x2  
  165  10:09  Marine x2  
  165  10:11  Factory Tech Lab, Barracks  
  165  10:12  Barracks  
  165  10:14  Barracks  
  167  10:18  Marine x5  
  143  10:21  Marine x2  
  143  10:27  Marine x2  
  143  10:28  Medivac x2  
  143  10:36  Marine x5  
  143  10:39  Marine x2  
  143  10:42  Command Center  
  150  10:45  Marine x2  
  152  10:50  Missile Turret  
  162  11:04  Barracks Reactor x2  
Show
View Real Time Build Order
Export as new Build Order

Coffee Terran 

Build Orders:  

Get SALT Encoding   

  12  0:00  SCV  
  13  0:12  SCV  
  14  0:17  Supply Depot  
  14  0:24  SCV  
  15  0:38  SCV  
  15  0:39  Barracks  
  16  0:43  Refinery  
  16  0:50  SCV  
  16  0:52  Refinery  
  17  1:03  SCV  
  18  1:15  SCV  
  19  1:26  Reaper  
  19  1:27  Orbital Command  
  19  1:29  Supply Depot  
  20  1:42  Factory  
  20  1:53  SCV  
  21  1:59  Barracks Reactor  
  21  2:05  SCV  
  22  2:17  SCV  
  22  2:21  Command Center  
  23  2:27  Hellion  
  23  2:29  SCV  
  26  2:35  Reaper  
  26  2:36  Reaper  
  28  2:39  Supply Depot  
  28  2:41  SCV  
  29  2:48  Hellion  
  31  2:55  Starport  
  31  3:01  SCV  
  32  3:09  Reaper x2  
  32  3:11  Hellion  
  36  3:13  SCV  
  37  3:21  Refinery  
  37  3:25  SCV  
  36  3:36  Starport Tech Lab  
  36  3:37  Factory Tech Lab  
  36  3:38  SCV  
  36  3:41  Orbital Command  
  37  3:44  Marine x2  
  36  3:57  Raven  
  34  4:03  Marine x2  
  34  4:04  Siege Tank  
  34  4:05  SCV  
  34  4:06  SCV  
  41  4:15  Supply Depot  
  41  4:17  SCV  
  41  4:18  SCV  
  41  4:21  Marine x2  
  45  4:29  Supply Depot  
  45  4:30  SCV x2  
  47  4:31  Raven  
  49  4:39  Marine x2, Siege Tank  
  49  4:42  SCV  
  49  4:43  SCV  
  56  4:52  Supply Depot  
  56  4:54  SCV  
  56  4:55  SCV  
  56  4:56  Marine  
  56  4:57  Marine  
  60  5:06  SCV, Raven  
  63  5:08  SCV  
  63  5:11  Command Center  
  64  5:15  Siege Tank  
  67  5:21  Marine x2  
  67  5:22  SCV x2  
  67  5:27  Supply Depot  
  71  5:29  Refinery  
  71  5:34  SCV x2  
  71  5:46  SCV  
  71  5:47  SCV  
  71  5:49  Siege Tank  
  76  5:50  Viking x2  
  76  5:56  Stimpack  
  80  5:59  SCV x2  
  80  6:03  Barracks  
  80  6:04  Marine, Barracks  
  83  6:11  SCV x2  
  82  6:22  Engineering Bay  
  82  6:23  Siege Tank, Engineering Bay, SCV x2  
  87  6:31  Viking x2  
  90  6:35  SCV x2  
  90  6:36  Marine  
  90  6:38  Supply Depot  
  92  6:51  Barracks Reactor  
  92  6:52  Barracks Reactor  
  92  6:53  Terran Infantry Armor Level 1, Terran Infantry Weapons Level 1, SCV x2  
  94  6:58  Supply Depot  
  94  7:02  Orbital Command  
  94  7:06  Viking x2  
  94  7:08  SCV x2  
  100  7:11  Supply Depot  
  100  7:13  Marine  
  100  7:14  Siege Tank  
  104  7:28  SCV x2  
  106  7:30  Marine x4, Supply Depot  
  106  7:32  Supply Depot  
  106  7:33  Refinery  
  106  7:34  Refinery  
  110  7:37  SCV  
  110  7:40  SCV  
  110  7:42  Viking  
  110  7:43  Viking  
  116  7:45  SCV  
  116  7:49  SCV  
  116  7:50  Sensor Tower  
  118  7:56  Combat Shield  
  118  7:58  Siege Tank  
  121  8:01  Missile Turret  
  121  8:03  Marine x3  
  124  8:08  SCV x2  
  124  8:11  Marine x2, Barracks  
  124  8:12  Barracks  
  128  8:16  Armory  
  124  8:25  Marine x2  
  126  8:30  Marine x2  
  126  8:31  Siege Tank  
  126  8:32  SCV  
  126  8:33  SCV  
  132  8:36  Liberator  
  132  8:37  Liberator  
  132  8:41  Supply Depot x2  
  138  8:44  Marine x2  
  139  8:53  Sensor Tower  
  139  8:54  SCV x2  
  141  9:02  Marine x2  
  143  9:03  Barracks Reactor x2  
  143  9:05  Supply Depot  
  143  9:06  Supply Depot  
  143  9:07  Supply Depot  
  142  9:14  Supply Depot  
  142  9:19  SCV x2  
  142  9:20  Marine x3  
  146  9:28  Siege Tank, Medivac x2  
  124  9:53  Marine x7  
  124  9:58  Command Center  
  130  10:01  Marine x2  
  130  10:02  Siege Tank, Medivac x2  
  139  10:09  SCV x2  
  139  10:12  Factory  
  141  10:18  Marine x2  
  132  10:22  Marine x2  
  132  10:23  Marine x2  
  132  10:25  Marine x2  
  132  10:26  Marine  
  132  10:27  SCV  
  132  10:28  SCV  
  119  10:34  Siege Tank  
  119  10:35  Viking  
  119  10:36  Marine x2, Barracks, Viking  
  119  10:38  Barracks x2  
  119  10:41  SCV  
  126  10:46  Marine x2  
  126  10:47  Marine  
  126  10:49  Marine x3  
  132  10:54  SCV  

Tags
 
Add a new tag
Caveats
  • Supply blocks, unpowered buildings, or Contaminate may cause inaccurate times.
  • Supply counts are checked every 10 seconds.